 Dungeon Crawl Stone Soup version bcrawl-1.13 (webtiles) character file.

Game seed: 8671424079336904748

223 RedPan the Changer (level 5, -3/40 HPs)
             Began as a Draconian Transmuter on July 26, 2019.
             Slain by a gnoll
             ... wielding a +0 flail of protection
              (9 damage)
             ... on level 3 of the Dungeon.
             The game lasted 00:05:37 (3293 turns).

RedPan the Changer (Draconian Transmuter)           Turns: 3293, Time: 00:05:38

Health: -3/40      AC:  2    Str: 12    XL:     5   Next: 66%
Magic:  2/8        EV: 19    Int: 14    God:
Gold:   228        SH:  0    Dex: 17    Spells: 2/8 levels left

rFire    . . .     SeeInvis .     - Unarmed
rCold    + . .     Gourm    .   (shield currently unavailable)
rNeg     . . .     Faith    .   (armour unavailable)
rPois    x         Spirit   .   (helmet currently unavailable)
rElec    .         Reflect  .   (cloak currently unavailable)
rCorr    .         Harm     .   (gloves currently unavailable)
MR       .....                  (boots currently unavailable)
Stlth    ++........             (no amulet)
HPRegen  0.13/turn              g - ring of protection from cold
MPRegen  0.11/turn              (no ring)

@: spider-form
A: tiny, unfitting armour, AC +5
a: End Transformation


You were on level 3 of the Dungeon.
You were hungry.
You were a venomous arachnid creature.
You visited 1 branch of the dungeon, and saw 3 of its levels.

You collected 228 gold pieces.

Inventory:

Missiles
 a - 389 arrows
Jewellery
 g - a ring of protection from cold (left front leg)
Scrolls
 f - 3 scrolls of teleportation
Potions
 b - 2 potions of curing
 c - 2 potions of lignification
 i - 2 potions of haste {unknown}
Comestibles
 d - 4 rations {!d}
 h - 2 chunks of flesh


   Skills:
 - Level 1.1 Fighting
 - Level 1.7 Dodging
 - Level 3.0 Unarmed Combat
 - Level 2.0 Spellcasting
 + Level 4.9 Transmutations
 + Level 3.1 Poison Magic


You had 2 spell levels left.
You knew the following spells:

 Your Spells              Type           Power        Failure   Level  Hunger
a - Beastly Appendage     Tmut           ###...       11%         1    ##.....
b - Sticks to Snakes      Tmut           ###.....     14%         2    ###....
c - Spider Form           Tmut/Pois      ##.          32%         3    ####...

Your spell library contained the following spells:

 Spells                   Type           Power        Failure   Level  Hunger
 Ice Form                 Ice/Tmut       #.......     83%         4    #####..
 Blade Hands              Tmut           ###.......   83%         5    ######.


Dungeon Overview and Level Annotations

Branches:
Dungeon (3/12)

Altars:
Nemelex Xobeh


Innate Abilities, Weirdness & Mutations

((Your plain brown scales are hard. (AC +5)))
You cannot fit into any form of body armour.
((You are cold-blooded and may be slowed by cold attacks.))


Message History

The gnoll hits you with a +0 club!
* * * LOW HITPOINT WARNING * * *
Things that are here:
a +2 leather armour of positive energy; a hobgoblin corpse You hit the gnoll.
The gnoll is poisoned.
The gnoll is heavily wounded.
The gnoll closely misses you.
You hit the gnoll.
You kill the gnoll!
You hit the gnoll.
The gnoll is poisoned.
The gnoll is moderately wounded.
The gnoll misses you.
You hit the gnoll.
The gnoll looks as sick as possible!
The gnoll is heavily wounded.
The gnoll closely misses you.
You hit the gnoll.
You kill the gnoll!
You hit the gnoll but do no damage.
The gnoll is poisoned.
The gnoll hits you with a +0 flail of protection!
You die...

### ..# ##### #
#.###... .## #.##[.#
#..## ### #.#..#.#
#.#..#
#.####.#.#.#.#.#.#.#
#.gs.....##.#(#.# .#
#.####...###)..## .#
#.# #...##.#.#.##.#
#g# #.#.#.#.#.#.#.#
#g# #.#..#.###.#..#
#)# #.##..## ##..##
.g# #.##........#..
...# #.##........+..
.....
..##..#######..


You could see a gnoll.

Vanquished Creatures
  An ogre (D:3)
  3 gnolls (D:3)
  3 adders
  2 oozes (D:1)
  2 worms (D:2)
  4 dart slugs
  3 leopard geckos (D:2)
  An orc (D:3)
  4 bats
  A giant cockroach (D:3)
  4 goblins
  7 hobgoblins
  4 jackals (D:1)
  7 kobolds
  2 quokkas
  2 ball pythons
  5 frilled lizards
  3 rats
58 creatures vanquished.

Notes
Turn   | Place    | Note
-------+----------+-------------------------------------------
     0 | D:1      | RedPan the Draconian Transmuter began the quest for the
                  | Orb.
     0 | D:1      | Reached XP level 1. HP: 16/16 MP: 3/3
   319 | D:1      | Reached XP level 2. HP: 19/23 MP: 5/5
   454 | D:1      | Reached skill level 3 in Transmutations
   699 | D:1      | Reached XP level 3. HP: 24/28 MP: 4/6
   744 | D:1      | Learned a level 2 spell: Sticks to Snakes
   748 | D:1      | Learned a level 3 spell: Spider Form
  1653 | D:2      | Reached skill level 1 in Poison Magic
  1952 | D:2      | Found a faded altar of an unknown god.
  2155 | D:2      | Reached skill level 4 in Transmutations
  2155 | D:2      | Reached XP level 4. HP: 27/35 MP: 7/7
  2623 | D:2      | Found a sparkling altar of Nemelex Xobeh.
  2942 | D:3      | Noticed an ogre
  2954 | D:3      | Killed an ogre
  2954 | D:3      | Reached XP level 5. HP: 13/40 MP: 1/8
  3293 | D:3      | Slain by a gnoll

Skill      XL: |  1  2  3  4  5 |
---------------+----------------+-----
Transmutations | 3 4 |  4.9
Poison Magic   | 1 2 3 |  3.1
Fighting       | |  1.1
Dodging        | |  1.7
Unarmed Combat | |  3.0
Spellcasting   | |  2.0

Action                   |  1- 3 |  4- 6 || total
-------------------------+-------+-------++-------
Melee: Unarmed           |   141 |    74 ||   215
       Tailslap          |    14 |     2 ||    16
       Headbutt          |    10 |     1 ||    11
       Kick              |     4 |     1 ||     5
 Cast: Beastly Appendage |    20 |     3 ||    23
       Spider Form       |       |     4 ||     4
  Use: Scroll            |     3 |     4 ||     7
       Potion            |       |     1 ||     1
  Eat: Chunk             |     4 |     4 ||     8
Armor: Skin              |    39 |    15 ||    54
Dodge: Dodged            |    76 |    49 ||   125
